 Dungeon Crawl Stone Soup version 0.25-a0-743-g84dc20635f (webtiles) character file.

Game seed: 15761483227311882822, levelgen mode: deterministic

2359 15rune the Stinger (level 9, -1/61 HPs)
             Began as a Barachi Wanderer on Apr 12, 2020.
             Was a Priest of Zin.
             Slain by Maggie
             ... wielding the +9 lance "Wyrmbane" {slay drac, rPois rF+ rC+ AC+3}
              (13 damage)
             ... on level 6 of the Dungeon on Apr 13, 2020.
             The game lasted 00:40:46 (9001 turns).

15rune the Stinger (Barachi Wanderer)               Turns: 9001, Time: 00:40:46

Health: -1/61      AC:  8    Str: 17    XL:     9   Next: 44%
Magic:  2/13       EV: 16    Int: 17    God:    Zin [***...]
Gold:   199        SH:  0    Dex:  7    Spells: 10/14 levels left

rFire    . . .     SeeInvis .   j - +2 dagger (flame)
rCold    . . .     Gourm    .   (no shield)
rNeg     + . .     Faith    .   l - +2 robe {rN+}
rPois    +         Spirit   .   x - +1 hat
rElec    .         Reflect  .   (no cloak)
rCorr    .         Harm     .   u - +2 pair of gloves
MR       .....                  (no boots)
Stlth    ++........             F - amulet of rage
HPRegen  0.20/turn              h - ring of poison resistance
MPRegen  0.13/turn              B - +5 ring of evasion

@: about to teleport, can't hop, mesmerised, slow
A: +LOS, swims, slowness 1, strong legs 1
a: Hop, Recite, Vitalisation, Imprison, Donate Gold, Renounce Religion, Evoke
Berserk Rage


You were on level 6 of the Dungeon.
You worshipped Zin.
Zin was most pleased with you.
You were near starving.

You visited 1 branch of the dungeon, and saw 6 of its levels.

You collected 333 gold pieces.
You spent 60 gold pieces at shops.
You donated 74 gold pieces to Zin.

Inventory:

Hand Weapons
 j - a +2 dagger of flaming (weapon)
 y - a +0 falchion
Missiles
 b - 2 throwing nets
 p - 10 boomerangs (quivered)
 q - 16 poisoned darts
 r - 146 stones
Armour
 l - a +2 robe of positive energy (worn)
 u - a +2 pair of gloves (worn)
 x - a +1 hat (worn)
Jewellery
 h - a ring of poison resistance (left hand)
 m - an uncursed ring of protection from magic
 v - an uncursed ring of protection from magic
 w - an uncursed ring of fire
 B - a +5 ring of evasion (right hand)
 F - an amulet of rage (around neck)
Scrolls
 a - a scroll of fog
 e - 7 scrolls of identify
 k - a scroll of enchant weapon
 o - 2 scrolls of teleportation
 s - a scroll of vulnerability
 z - 2 scrolls of magic mapping {unknown}
 A - 2 scrolls of amnesia {unknown}
 E - a scroll of remove curse
Potions
 d - 2 potions of lignification
 g - 3 potions of flight
 i - 4 potions of curing
 t - a potion of stabbing
 C - a potion of brilliance {unknown}
 D - a potion of degeneration {unknown}
Comestibles
 f - 2 rations


   Skills:
 - Level 2.0 Fighting
 + Level 3.8(4.0) Short Blades
 - Level 1.9(3.3) Long Blades
 - Level 2.0 Throwing
 - Level 1.1 Dodging
 - Level 3.0 Stealth
 - Level 3.1 Spellcasting
 - Level 3.0 Conjurations
   Level 1.1 Translocations
 - Level 2.0 Transmutations
 - Level 3.0 Air Magic
 - Level 7.0 Poison Magic
 * Level 6.0 Invocations
 - Level 3.0 Evocations


You had 10 spell levels left.
You knew the following spells:

 Your Spells              Type           Power        Failure   Level  Hunger
a - Sting                 Tmut/Pois      ###.         2%          1    None
b - Mephitic Cloud        Conj/Pois/Air  ###.....     9%          3    ###....

Your spell library contained the following spells:

 Spells                   Type           Power        Failure   Level  Hunger


Dungeon Overview and Level Annotations

Branches:
Dungeon (6/15)
 Temple: D:4-7

Altars:
Dithmenos
Fedhas
Kikubaaqudgha
Makhleb
Qazlal
Trog
Uskayaw
Zin

Shops:
D:4 *

Annotations:
D:5 3 runed translucent doors, exclusion: 3 doors, hemabe's ghost, novice HuAr
D:6 Maggie


Innate Abilities, Weirdness & Mutations

You can be seen from farther away. (+LOS)
You can swim through water.
You cover ground slowly.
You can hop short distances.


Message History

You can move again.
Unknown command.
Okay, then.
Okay, then.
Hop to where?
Press: ? - help, Dir - move target cursor, p - Maggie Boing!
Unknown command.
Unknown command.
Unknown command.
As you read the scroll of teleportation, it crumbles to dust.
You feel strangely unstable.
The worker ant bites you but does no damage.
Maggie hits you from afar with the +9 lance "Wyrmbane" {slay drac, rPois rF+ rC+ AC+3}!
* * * LOW HITPOINT WARNING * * *
The worker ant closely misses you.
The worker ant bites you but does no damage.
You feel better.
Maggie hits you from afar with the +9 lance "Wyrmbane" {slay drac, rPois rF+ rC+ AC+3}!
You die...

#.# #..# #.###..###
##........#
.......##.########
.#.#.#....##.....#
.#.#[#....##.....#
.#.#.#.......g...#
.#.#.##.#.##..@a.#
##.#......##.g.a@#
...#.......##g.....#
####.##.##.##.####.#
###..# .##.# .# ....
.. .. # .##.. .##.#
...##. .. ## _.#. .#


You could see Maggie, 2 worker ants and 3 gnolls.

Vanquished Creatures
  A two-headed ogre (D:6)
  Sigmund (D:2)
  Edmund (D:4)
  2 centaurs (D:5)
  2 ogres (D:4)
  A bullfrog (D:6)
  4 scorpions
  A vampire bat (D:5)
  3 crimson imps
  A bullfrog zombie (D:5)
  A jelly (D:6)
  2 orc priests
  4 hounds
  A centaur skeleton (D:6)
  7 orc wizards
  A bullfrog skeleton (D:5)
  7 adders
  7 gnolls
  A shadow imp (D:5)
  3 oozes
  An adder skeleton (D:5)
  2 worms (D:2)
  3 dart slugs
  3 leopard geckos
  15 orcs
  2 bat skeletons (D:5)
  2 bat zombies (D:5)
  5 giant cockroaches
  7 goblins
  11 hobgoblins
  7 jackals
  A quokka (D:4)
  4 ball pythons
  A ball python skeleton (D:3)
  5 bats
  3 frilled lizards
  9 kobolds
  A leopard gecko skeleton (D:5)
  A quokka zombie (D:5)
  5 rats
139 creatures vanquished.

Vanquished Creatures (others)
  2 fungi (D:5)
  2 plants (D:5)
4 creatures vanquished.

Grand Total: 143 creatures vanquished

Notes
Turn   | Place    | Note
-------+----------+-------------------------------------------
     0 | D:1      | 15rune the Barachi Wanderer began the quest for the Orb.
     0 | D:1      | 15rune set off with the following items: a +2 dagger, a
                  | scroll of blinking, a potion of lignification, a +0 robe, a
                  | ration; and the following spell memorised: Sting; and the
                  | following spells available to memorise: Mephitic Cloud
     0 | D:1      | Reached XP level 1. HP: 15/15 MP: 2/2
   177 | D:1      | Reached XP level 2. HP: 13/21 MP: 3/3
   857 | D:1      | Reached skill level 1 in Short Blades
   857 | D:1      | Reached skill level 1 in Poison Magic
   947 | D:1      | Reached XP level 3. HP: 13/27 MP: 5/5
  1893 | D:1      | Learned a level 3 spell: Mephitic Cloud
  2016 | D:2      | Reached XP level 4. HP: 27/33 MP: 1/6
  2147 | D:2      | Noticed Sigmund
  2241 | D:3      | Found a glowing silver altar of Zin.
  2263 | D:3      | Became a worshipper of Zin the Law-Giver
  2267 | D:3      | Donated 18 gold pieces to Zin
  2274 | D:3      | Donated 9 gold pieces to Zin
  2285 | D:3      | Donated 8 gold pieces to Zin
  2286 | D:3      | Donated 4 gold pieces to Zin
  2290 | D:3      | Donated 2 gold pieces to Zin
  2451 | D:3      | Reached * piety under Zin
  2582 | D:3      | Upgraded the game from 0.25-a0-737-g26c3a87c45 to
                  | 0.25-a0-743-g84dc20635f
  3344 | D:3      | Reached XP level 5. HP: 37/38 MP: 8/8
  3359 | D:3      | Reached skill level 1 in Air Magic
  3359 | D:3      | Reached skill level 2 in Poison Magic
  3375 | D:3      | HP: 1/38 [gnoll/+0 halberd (11)]
  4353 | D:2      | Killed Sigmund
  4353 | D:2      | Reached XP level 6. HP: 26/44 MP: 1/10
  4355 | D:2      | Reached ** piety under Zin
  4659 | D:2      | Reached skill level 3 in Poison Magic
  5044 | D:4      | Reached skill level 1 in Invocations
  5044 | D:4      | Reached XP level 7. HP: 10/50 MP: 7/11
  5324 | D:4      | Noticed Edmund
  5330 | D:4      | Found Archadex's General Store.
  5369 | D:4      | Killed Edmund
  5526 | D:4      | Bought a potion of curing for 36 gold pieces
  5526 | D:4      | Bought a scroll of identify for 24 gold pieces
  5550 | D:4      | You fall into a shaft and drop 2 floors!
  5575 | D:6      | Reached skill level 4 in Poison Magic
  5964 | D:6      | Noticed a two-headed ogre
  5981 | D:6      | Killed a two-headed ogre
  5981 | D:6      | Reached skill level 7 in Poison Magic
  5981 | D:6      | Reached XP level 8. HP: 56/56 MP: 3/12
  5998 | D:5      | Entered Level 5 of the Dungeon
  6367 | D:4      | Found a hide-covered altar of Uskayaw.
  6368 | D:4      | Found a burning altar of Makhleb.
  6368 | D:4      | Found a blossoming altar of Fedhas.
  6405 | D:4      | Found a bloodstained altar of Trog.
  6495 | D:4      | Found a stormy altar of Qazlal.
  6602 | D:4      | Reached skill level 5 in Invocations
  7059 | D:4      | Reached XP level 9. HP: 61/61 MP: 11/13
  7176 | D:5      | Reached skill level 1 in Evocations
  7263 | D:5      | Reached skill level 1 in Transmutations
  7617 | D:5      | Reached *** piety under Zin
  7704 | D:5      | Found a runed translucent gate.
  7704 | D:5      | Found a runed translucent gate.
  7705 | D:5      | Found a runed translucent gate.
  7706 | D:5      | Noticed hemabe's ghost (novice HuAr)
  7708 | D:5      | Identified the +8 dagger of Fixation {elec, +Fly rN+ Dex-2}
  8351 | D:5      | Found an ancient bone altar of Kikubaaqudgha.
  8982 | D:6      | Found a shadowy altar of Dithmenos.
  8982 | D:6      | Noticed Maggie
  8997 | D:6      | Paralysed by Maggie for 2 turns
  9000 | D:6      | HP: 3/61 [Maggie/the +9 lance "Wyrmbane" {slay drac, rPois
                  | rF+ rC+ AC+3} (13)]
  9001 | D:6      | Slain by Maggie

Levels and vault maps discovered:
D:1:      tarquinn_simple_flora_water_c, layout_loops_cross, minmay_heptomino_o4
D:2:      layout_basic, uniq_sigmund
D:3:      layout_basic, overflow_temple_1_default, st_stairs_1
D:4:      layout_loops_ring, grunt_temple_overflow_open, serial_shops, shop,
          first_ration, grunt_qazlal_clouds, uniq_edmund
D:5:      layout_loops_ring, kennysheep_vampire_church,
          gammafunk_ghost_nasty_kobolds
D:6:      layout_loops_cross, nicolae_dithmenos_through_a_glass_darkly,
          uniq_maggie

Skill      XL: |  1  2  3  4  5  6  7  8  9 |
---------------+----------------------------+-----
Stealth        | 2 3 |  3.0
Short Blades   | 1 2 3 |  3.8
Poison Magic   | 1 2 3 7 |  7.0
Fighting       | 2 |  2.0
Spellcasting   | 2 3 |  3.1
Air Magic      | 1 2 3 |  3.0
Conjurations   | 2 3 |  3.0
Invocations    | 1 3 5 6 |  6.0
Evocations     | 3 |  3.0
Transmutations | 2 |  2.0
Long Blades    | |  1.9
Throwing       | |  2.0
Dodging        | |  1.1
Translocations | |  1.1

Action                   |  1- 3 |  4- 6 |  7- 9 || total
-------------------------+-------+-------+-------++-------
Melee: Dagger            |   102 |   149 |    96 ||   347
       Falchion          |       |       |   220 ||   220
 Cast: Sting             |    39 |    24 |    31 ||    94
       Mephitic Cloud    |       |    10 |    31 ||    41
Invok: Donate Gold       |       |     6 |       ||     6
       Recite            |       |     3 |     2 ||     5
       Vitalisation      |       |     1 |       ||     1
 Abil: Hop               |    12 |    11 |     4 ||    27
Evoke: Wand              |       |       |     5 ||     5
  Use: Scroll            |     1 |    11 |     8 ||    20
       Potion            |     1 |     1 |     2 ||     4
 Stab: Sleeping          |     1 |     1 |     2 ||     4
       Confused          |       |     4 |    12 ||    16
       Invisible         |       |       |     2 ||     2
       Distracted        |       |       |     1 ||     1
  Eat: Chunk             |     4 |     7 |     6 ||    17
       Ration            |       |     2 |     3 ||     5
Armor: Robe              |    51 |    41 |   123 ||   215
       Skin              |     1 |       |       ||     1
Dodge: Dodged            |   112 |   125 |   229 ||   466
       Rpst.: Falchion   |       |       |    50 ||    50

Table legend:
 A = Non-vault XP
 B = Vault XP
 C = Vault XP percentage of total XP
 D = Non-vault monster count
 E = Vault monster count
 F = Vault count percentage of total count
                 A         B        C        D         E       F
            +---------+---------+-------+---------+---------+-------
      Total |    2896 |     475 |  14.1 |     126 |      13 |   9.4
            +---------+---------+-------+---------+---------+-------
        D:1 |      59 |      13 |  18.1 |      31 |       4 |  11.4
        D:2 |      78 |     220 |  73.8 |      16 |       1 |   5.9
        D:3 |     115 |       4 |   3.4 |      21 |       2 |   8.7
        D:4 |     612 |     178 |  22.5 |      17 |       1 |   5.6
        D:5 |     600 |      60 |   9.1 |      18 |       5 |  21.7
        D:6 |    1432 |       0 |   0.0 |      23 |       0 |   0.0
            +---------+---------+-------+---------+---------+-------
